 Dungeon Crawl Stone Soup version 0.29.1-12-g30fa7ad0bf (webtiles) character file.

Game seed: 10525807596355034969

91 FexLirch the Magician (level 4, -7/31 HPs)
             Began as a Djinni Hedge Wizard on Dec 14, 2022.
             Mangled by Sigmund
             ... wielding a +0 scythe
              (10 damage)
             ... on level 3 of the Dungeon.
             The game lasted 00:08:35 (2471 turns).

FexLirch the Magician (Djinni Hedge Wizard)         Turns: 2471, Time: 00:08:36

Health: -7/31      AC:  2    Str: 15    XL:     4   Next: 88%
Gold:   83         EV: 12    Int: 17    God:
                   SH:  4    Dex: 13

rFire   + + .      SeeInvis .   o - +2 dagger (freeze)
rCold   x . .      Faith    .   d - +0 buckler
rNeg    . . .      Spirit   .   b - +0 robe
rPois   ∞          Reflect  .   c - +0 hat
rElec   .          Harm     .   (no cloak)
rCorr   .          Rampage  .   (no gloves)
Will    .....                   (boots unavailable)
Stlth   ++........              (no amulet)
HPRegen 0.10/turn               s - +6 ring of strength
MPRegen 0.00/turn               (no ring)

@: brilliant, flying
A: sickness immunity, fire resistance 2, cold vulnerability 1, float, innate
caster, HP casting, extra vitality 1
a: no special abilities


You were on level 3 of the Dungeon.
You visited 1 branch of the dungeon, and saw 3 of its levels.

You collected 83 gold pieces.

Inventory:

Hand Weapons
 a - a +0 dagger
 e - a +0 hand axe
 o - a +2 dagger of freezing (weapon)
Missiles
 t - a throwing net
Armour
 b - a +0 robe (worn)
 c - a +0 hat (worn)
 d - a +0 buckler (worn)
 p - an orb of mayhem
Jewellery
 s - a +6 ring of strength (left hand)
Scrolls
 f - 2 scrolls of identify {unknown}
 g - a scroll of enchant weapon {unknown}
 h - 2 scrolls of immolation {unknown}
 m - a scroll of fear {unknown}
 q - a scroll of amnesia {unknown}
Potions
 j - a potion of mutation {unknown}
 l - a potion of lignification {unknown}
 n - a potion of flight {unknown}
 r - a potion of haste {unknown}


   Skills:
 - Level 2.1 Dodging
 - Level 1.5 Stealth
 + Level 1.5 Shields
 * Level 3.8 Spellcasting


You couldn't memorise any spells.
You knew the following spells:

 Your Spells              Type           Power      Damage    Failure   Level
a - Magic Dart            Conj           96%        1d7       4%          1
b - Blink                 Tloc           48%        N/A       7%          2
c - Call Imp              Summ           24%        N/A       7%          2
d - Slow                  Hex            96%        N/A       4%          1
e - Conjure Flame         Conj/Fire      24%        6-21      13%         3
f - Mephitic Cloud        Conj/Pois/Air  24%        N/A       13%         3
g - Foxfire               Conj/Fire      96%        2x1d8     4%          1
Your spell library was empty.

Dungeon Overview and Level Annotations

Branches:
Dungeon (3/15)

Altars:

Annotations:
D:3 Sigmund


Innate Abilities, Weirdness & Mutations

You are immune to sickness and miasma.
You are immune to poison.
Your flesh is very heat resistant. (rF++)
You are vulnerable to cold. (rC-)
You float through the air rather than walking.
You learn spells naturally, not from books.
Your magical power is your life essence.
You have superior vitality. (+4 MHP)


Message History

Unknown command.
Unknown command.
You feel less confused.
Unknown command.
Unknown command.
You are too injured to fight recklessly!
Unknown command.
Unknown command.
Casting: Magic Dart (safe; 4% risk of failure)
Confirm with . or Enter, or press ? or * to list all spells.
The spell is quite dangerous to miscast (14% risk of failure)!
Continue anyway? [Y]es or [N]o only, please.
The spell is quite dangerous to miscast (14% risk of failure)!
Continue anyway?
Okay, then.
Unknown command.
Unknown command.
Casting: Mephitic Cloud (quite dangerous; 14% risk of failure)
Confirm with . or Enter, or press ? or * to list all spells.
You feel a surge of power!
You conjure some foxfire!
The ball python bites you.
* * * LOW HITPOINT WARNING * * *
The ball python grabs you. The ball python constricts you.
Unknown command.
Unknown command.
You escape the ball python's grasp.
The foxfire hits something.
The foxfire hits the ball python.
You kill the ball python!
Unknown command.
Unknown command.
Unknown command.
Casting: Foxfire (safe; 4% risk of failure)
Confirm with . or Enter, or press ? or * to list all spells.
You feel a surge of power!
You conjure some foxfire!
* * * LOW HITPOINT WARNING * * *
Something hits you.
* * * LOW HITPOINT WARNING * * *
Unknown command.
Unknown command.
The foxfire hits something but does no damage.
The foxfire hits something.
Something hits you!
You die...

...#.#..##.# ..
#....##.####
...#...)......#
#........##>####
#.#.##...# .#
#.####...#
........†#
##.......##.#
######§@...#
#§##### #.# #.#
#.# ###


There were no monsters in sight!

Vanquished Creatures
  2 gnolls (D:2)
  An adder (D:2)
  A dart slug (D:2)
  4 ball pythons
  5 bats
  6 endoplasms
  A giant cockroach (D:1)
  9 goblins
  4 hobgoblins
  7 kobolds
  A quokka (D:1)
  2 frilled lizards
  2 rats (D:1)
45 creatures vanquished.

Vanquished Creatures (collateral kills)
  A gnoll (D:2)
  A kobold (D:1)
  A rat (D:2)
3 creatures vanquished.

Vanquished Creatures (others)
  79 foxfires
79 creatures vanquished.

Grand Total: 127 creatures vanquished

Notes
Turn   | Place    | Note
-------+----------+-------------------------------------------
     0 | D:1      | FexLirch the Djinni Hedge Wizard began the quest for the
                  | Orb.
     0 | D:1      | FexLirch set off with the following spells memorised: Magic
                  | Dart, Blink, Call Imp, Slow, Conjure Flame, Mephitic Cloud.
     0 | D:1      | Reached XP level 1. HP: 15/15 MP: 0/0
   321 | D:2      | Reached XP level 2. HP: 11/21 MP: 0/0
   523 | D:1      | Reached skill level 3 in Spellcasting
   835 | D:1      | Reached XP level 3. HP: 20/25 MP: 0/0
   835 | D:1      | Learned a level 1 spell: Foxfire
  1773 | D:2      | Identified the +7 short sword "Pimeeroo" {vorpal, *Noise
                  | rPois rF+ Dex+5}
  1780 | D:2      | Reached skill level 1 in Shields
  1801 | D:2      | Reached XP level 4. HP: 29/31 MP: 0/0
  2009 | D:2      | Found a faded altar of an unknown god.
  2430 | D:3      | Noticed Sigmund
  2471 | D:3      | Mangled by Sigmund

Illustrated notes

Levels and vault maps discovered:
D:1:      spicycebolla_arrival_clurvy, layout_loops_ring, nrook_uturn
D:2:      wad_river_or_something, layout_basic, basic_ecumenical_altar
D:3:      layout_basic, mainiacjoe_overflow_brackets, fedhas_altar_2,
          mainiacjoe_overflow_cross_hatched, marbit_many_paths, uniq_sigmund

Skill      XL: |  1  2  3 |
---------------+----------+-----
Spellcasting   | 3 |  3.8
Shields        | 1 |  1.5
Dodging        | |  2.1
Stealth        | |  1.5

Action                   |  1- 3 |  4- 6 || total
-------------------------+-------+-------++-------
Melee: Dagger            |     2 |     8 ||    10
 Cast: Magic Dart        |    43 |     2 ||    45
       Call Imp          |     2 |     2 ||     4
       Foxfire           |    22 |    22 ||    44
       Slow              |     2 |     1 ||     3
  Use: Potion            |       |     2 ||     2
 Stab: Sleeping          |       |     1 ||     1
Armor: Robe              |     4 |     5 ||     9
Dodge: Dodged            |     5 |    11 ||    16
Block: Buckler           |       |     1 ||     1
